AoeStats
← FC_M@sTer

Arabia

505612623Analyzed
1v1 RM · 23d ago on Sep 10, 2026· 39m 24s· 2 players
Game mode
Random Map
Map size
Tiny (2 player)
Population
200
Speed
Normal
Resources
Standard
Victory
Conquest
Starting age
Dark Age
Ending age
Imperial Age
RankedLock teamsTeams togetherTeam positionsShared explorationLock speedFull tech treeHidden civsTurbo modeCheats
Victory
Defeat
🇨🇳 Aztecs · China
1610
+13
🇨🇴 Burmese · Colombia
1534
-13
FC_M@sTer
9:24 Loom
11:38 Feudal Age
19:45 Castle Age
17:45 Horse Collar
19:26 Stone Mining
36:28 Imperial Age
36:03 Padded Archer Armor
35:54 Fletching
35:49 Elite Skirmisher
37:37 Bodkin Arrow
seabed
9:30 Loom
12:18 Feudal Age
13:01 Double-Bit Axe
12:55 Man-at-Arms
18:52 Castle Age
18:24 Horse Collar
19:38 Fletching
21:20 Bodkin Arrow
21:27 Town Watch
22:48 Crossbowman
23:48 Bow Saw
26:21 Ballistics
34:06 Imperial Age
35:14 Wheelbarrow
34:59 Bracer
37:49 Hand Cart
38:04 Gold Mining
39:35 Chemistry
39:12 Padded Archer Armor
Connection lost

Rejoining the realm…

Still unreachable

The connection could not be restored.

Session expired

The server has moved on; the page needs a fresh start.